cohdb
Replays
Latest Replays
All Replays
Popular Replays
Top Player Replays
Match Explorer
How It Works
Community
CoH3 Stats
Reddit
Sign in to upload your games and track your stats! →
Sign in with Steam
Match 47191265
Unlisted
Match 47191265
Overview
Messages
Build Orders
End
Construct Barracks
Selects Armored Battlegroup
Selects Veteran Crews
1⁄4-ton 4x4 Truck
Riflemen Squad
Riflemen Squad
Construct Weapon Support Center
Infantry Support Center
Selects Fast Deploy
M1 Mortar Team
M3 Armored Personnel Carrier
M3 Armored Personnel Carrier
Mortar Pit
Engineer Squad
Selects M8 Scott SPG
M8 Scott SPG
Selects UNKNOWN (2160077)
Construct Tank Depot
M1919 Machine Gun Team
Selects Field Repairs
M1919 Machine Gun Team
M4A3E8 Sherman Easy Eight
Riflemen Squad
Selects War Machine
Scout Squad
Captain Retinue
M4A3E8 Sherman Easy Eight
Field Repairs
M4A3E8 Sherman Easy Eight
Bazooka Squad
Bazooka Squad
M4A3E8 Sherman Easy Eight
Chuck Balboa
Mortal Wombat
Corvus
chokladkopp
UH|dun! ツ
UH|ck
UH|XTC
iceman
0
0
Comments
sign in to comment!
No comments posted yet!